AoeStats
← elchinaleikazo

Arena

510305591Analyzed
4v4 RM · 2d ago on Sep 30, 2026· 35m 25s· 8 players
Game mode
Random Map
Map size
Large (8 player)
Population
200
Speed
Normal
Resources
Standard
Victory
Conquest
Starting age
Dark Age
Ending age
Imperial Age
RankedLock teamsTeams togetherTeam positionsShared explorationLock speedFull tech treeHidden civsTurbo modeCheats
Victory
Defeat
🇨🇳 Khmer · China
1528
+12
🇨🇳 Japanese · China
1513
+12
🇦🇷 Mongols · Argentina
1487
+13
🇨🇳 Slavs · China
1265
+23
🇨🇦 Saracens · Canada
1466
-17
🇲🇩 Mongols · Moldova
1428
-15
🇨🇳 Berbers · China
1410
-14
🇧🇷 Hindustanis · Brazil
1403
-14
AlzzStriker
10:28 Feudal Age
14:16 Castle Age
12:24 Double-Bit Axe
13:04 Horse Collar
13:33 Loom
14:32 Gold Mining
24:55 Fletching
29:44 Bodkin Arrow
30:15 Scale Barding Armor
33:17 Bow Saw
solo rankeding
9:39 Feudal Age
10:54 Double-Bit Axe
13:35 Castle Age
11:37 Horse Collar
15:42 Bow Saw
20:16 Wheelbarrow
21:47 Hand Cart
21:37 Stone Mining
22:25 Gold Mining
24:50 Loom
24:50 Town Watch
27:46 Imperial Age
25:13 Fletching
25:25 Padded Archer Armor
26:24 Bodkin Arrow
27:34 Heavy Plow
28:24 Ballistics
28:01 Elite Mangudai
28:43 Bracer
29:45 Chemistry
29:20 Conscription
29:52 Leather Archer Armor
29:50 Bloodlines
30:07 Husbandry
30:36 Parthian Tactics
31:41 Thumb Ring
34:41 Drill
35:07 Siege Engineers
35:19 Capped Ram
TIRA-ONDA
10:26 Feudal Age
12:15 Double-Bit Axe
12:28 Horse Collar
15:04 Castle Age
16:03 Bow Saw
17:14 Heavy Plow
20:04 Wheelbarrow
23:00 Loom
25:14 Hand Cart
25:33 Gold Mining
25:34 Stone Mining
33:32 Imperial Age
31:32 Fletching
32:08 Bodkin Arrow
32:37 Husbandry
32:48 Bloodlines
32:51 Scale Barding Armor
33:55 Chain Barding Armor
33:45 Forging
35:03 Gold Shaft Mining
35:03 Stone Shaft Mining
35:33 Chemistry
34:39 Siege Engineers
34:54 Ballistics
34:45 Masonry
34:21 Heavy Camel Rider
35:10 Grand Trunk Road
36:22 Plate Barding Armor
36:22 Iron Casting
网恋被骗50块
10:24 Feudal Age
11:42 Loom
14:42 Castle Age
12:32 Double-Bit Axe
13:13 Horse Collar
17:28 Bow Saw
20:25 Town Watch
23:30 Wheelbarrow
23:26 Heavy Plow
26:34 Gold Mining
26:34 Stone Mining
30:14 Imperial Age
28:03 Hand Cart
27:51 Padded Archer Armor
28:14 Fletching
28:06 Treadmill Crane
29:44 Gold Shaft Mining
29:46 Stone Shaft Mining
29:53 Kasbah
29:54 Bodkin Arrow
30:15 Leather Archer Armor
30:26 Ballistics
30:17 Masonry
31:24 Conscription
30:26 Elite Camel Archer
32:12 Chemistry
32:27 Hoardings
32:28 Thumb Ring
32:29 Bracer
32:44 Leather Archer Armor
31:58 Pikeman
32:38 Squires
32:24 Arson
苏东坡的粉丝
11:09 Feudal Age
15:05 Castle Age
13:15 Double-Bit Axe
13:20 Horse Collar
13:57 Gold Mining
14:32 Stone Mining
15:22 Loom
16:28 Bow Saw
24:43 Scale Mail Armor
24:53 Forging
27:17 Wheelbarrow
27:47 Guard Tower
28:32 Fletching
29:45 Hand Cart
29:44 Bodkin Arrow
33:28 Imperial Age
32:43 Gold Shaft Mining
32:10 Heavy Plow
35:08 Keep
34:49 Yasama
36:19 Chemistry
35:26 Bracer
36:38 Two-Man Saw
How you doin'
10:07 Feudal Age
11:01 Double-Bit Axe
13:47 Castle Age
12:01 Horse Collar
15:31 Heavy Plow
16:48 Bow Saw
21:59 Wheelbarrow
23:21 Hand Cart
23:49 Gold Mining
25:03 Loom
27:58 Imperial Age
25:17 Loom
25:18 Town Watch
25:27 Pikeman
26:07 Squires
27:17 Gold Shaft Mining
27:36 Stone Mining
28:19 Scale Mail Armor
28:29 Forging
28:04 Halberdier
29:48 Two-Man Saw
31:38 Chain Mail Armor
31:58 Iron Casting
31:07 Heavy Scorpion
31:23 Capped Ram
34:58 Plate Mail Armor
34:35 Scale Barding Armor
35:30 Blast Furnace
34:33 Husbandry
34:44 Bloodlines
34:30 Siege Ram
34:55 Light Cavalry
elchinaleikazo
1:25 Loom
10:20 Feudal Age
14:30 Castle Age
12:31 Loom
12:54 Double-Bit Axe
23:16 Town Watch
24:44 Wheelbarrow
29:05 Imperial Age
27:11 Padded Archer Armor
27:44 Fletching
31:12 Bodkin Arrow
35:22 Bodkin Arrow
goths king
10:51 Feudal Age
13:41 Castle Age
11:58 Double-Bit Axe
11:54 Horse Collar
14:43 Bow Saw
19:55 Loom
24:12 Gold Mining
24:12 Stone Mining
24:59 Wheelbarrow
25:41 Gold Shaft Mining
25:09 Heavy Plow
28:06 Imperial Age
26:18 Stone Shaft Mining
26:37 Hand Cart
27:53 Scale Barding Armor
27:59 Forging
28:01 Tusk Swords
28:37 Bloodlines
28:27 Husbandry
29:18 Conscription
29:59 Chain Barding Armor
30:15 Iron Casting
29:17 Elite Battle Elephant
30:41 Conscription
31:57 Chemistry
32:15 Plate Barding Armor
32:11 Siege Engineers
32:17 Masonry
34:03 Blast Furnace
34:53 Fletching
Connection lost

Rejoining the realm…

Still unreachable

The connection could not be restored.

Session expired

The server has moved on; the page needs a fresh start.